 Dungeon Crawl Stone Soup version 0.31-a0-18-gea43df2a32 (webtiles) character file.

Game seed: 2286506584842359237

980 Dittersdorf the Shield-Bearer (level 8, -1/51 HPs)
             Began as a Gargoyle Fighter on May 10, 2023.
             Was a Follower of Okawaru.
             Slain by an ogre
             ... wielding a +0 giant club
              (24 damage)
             ... on level 6 of the Dungeon.
             The game lasted 00:05:19 (4829 turns).

Dittersdorf the Shield-Bearer (Gargoyle Fighter)    Turns: 4829, Time: 00:05:20

Health: -1/51      AC: 21    Str: 22    XL:     8   Next: 17%
Magic:  8/8        EV:  8    Int:  9    God:    Okawaru [*.....]
Gold:   261        SH:  5    Dex:  9    Spells: 7/7 levels left

rFire   . . .        a - +1 flail
rCold   . . .        c - +0 buckler
rNeg    + . .        n - +0 chain mail
rPois   ∞            (no helmet)
rElec   +            (no cloak)
rCorr   .            r - +0 pair of gloves
SInv    .            (no boots)
Will    .....        v - amulet of regeneration Stlth
                     e - +4 ring of protection
HPRegen 1.08/turn    k - ring of flight
MPRegen 0.11/turn

%: no passive effects
@: flying, studying Maces & Flails
A: sickness immunity, AC +5, negative energy resistance 1, electricity
resistance, torment resistance 1, petrification resistance
a: Renounce Religion, Heroism


You were on level 6 of the Dungeon.
You worshipped Okawaru.
Okawaru was aware of your devotion.
You visited 2 branches of the dungeon, and saw 7 of its levels.

You collected 261 gold pieces.

Inventory:

Hand Weapons
 a - a +1 flail (weapon)
Armour
 c - a +0 buckler (worn)
 n - a +0 chain mail (worn)
 r - a +0 pair of gloves (worn)
 u - a +0 plate armour
Jewellery
 e - a +4 ring of protection (left hand)
 k - a ring of flight (right hand)
 o - a ring of ice
 v - an amulet of regeneration (around neck)
Wands
 g - a wand of light (7)
 l - a wand of digging (5)
Scrolls
 m - 2 scrolls of teleportation
Potions
 b - a potion of magic
 d - 2 potions of might
 f - 4 potions of curing
 h - a potion of resistance {unknown}
 i - 2 potions of invisibility
 j - a potion of flight {unknown}
 p - a potion of berserk rage {unknown}
 q - 2 potions of lignification {unknown}
 s - 2 potions of heal wounds {unknown}


   Skills:
 + Level 6.0 Fighting
 + Level 5.5 Maces & Flails
 + Level 6.0 Armour
 + Level 6.0 Shields


You had 7 spell levels left.
You didn't know any spells.
Your spell library contained the following spells:

 Spells                   Type           Power      Damage    Failure   Level
 Kiss of Death            Conj/Necr      0%         2d5       95%         1
 Sandblast                Erth           0%         2d4       95%         1
 Passwall                 Tmut/Erth      0%         N/A       99%         2
 Confusing Touch          Hex            0%         N/A       100%        3
 Stone Arrow              Conj/Erth      0%         3d7       100%        3
 Dispel Undead            Necr           0%         3d6       100%        4
 Lehudib's Crystal Spear  Conj/Erth      0%         10d2      100%        8
 Animate Armour           Summ/Erth      Unusable   N/A       N/A         4

Dungeon Overview and Level Annotations

Branches:
Dungeon (6/15)             Temple (1/1) D:4

Altars:
Ashenzari
Cheibriados
Dithmenos
Elyvilon
Fedhas
Gozag
Hepliaklqana
Makhleb
Nemelex Xobeh
Okawaru
Qazlal
Ru
Sif Muna
Trog
Uskayaw
Vehumet
Wu Jian
Xom
Yredelemnul
Zin
The Shining One


Innate Abilities, Weirdness & Mutations

You are immune to sickness and miasma.
Your stone body is resilient. (AC +5)
You are immune to poison.
You resist negative energy. (rN+)
You are resistant to electric shocks. (rElec)
You are resistant to unholy torment.
You are immune to petrification.


Message History

The centaur is heavily wounded.
You block the centaur's attack. The centaur closely misses you.
The ogre hits you with a +0 giant club.
The centaur hits you but does no damage.
The centaur kicks you but does no damage.
You hit the centaur.
The centaur is severely wounded.
The centaur hits you.
The centaur kicks you but does no damage.
The ogre hits you with a +0 giant club!!
You are too injured to fight recklessly!
You are too injured to fight recklessly!
You are too injured to fight recklessly!
You are too injured to fight recklessly!
You are too injured to fight recklessly!
You are too injured to fight recklessly!
You are too injured to fight recklessly!
You are too injured to fight recklessly!
You are too injured to fight recklessly!
You are too injured to fight recklessly!
You are too injured to fight recklessly!
You are too injured to fight recklessly!
You are too injured to fight recklessly!
You are too injured to fight recklessly!
You are too injured to fight recklessly!
You are too injured to fight recklessly!
You are too injured to fight recklessly!
You sock the centaur!
You kill the centaur!
Okawaru accepts your kill. The ogre hits you with a +0 giant club.
Your Fighting skill increases to level 6!
Your Armour skill increases to level 6!
Your Shields skill increases to level 6!
You hit the ogre.
The ogre is moderately wounded.
You closely miss the ogre.
The ogre is moderately wounded.
The ogre hits you with a +0 giant club!!
You die...

..................#
...................
##................
#...............#
#..............#
##.......<....##
##..........##
...........######
............@)!..#
##########...O......
########.##


You could see an ogre.

Vanquished Creatures
  A water moccasin (D:5)
  2 ogres
  2 centaurs
  3 scorpions
  A jelly (D:5)
  2 orc priests (D:4)
  3 iguanas
  An orc wizard (D:5)
  3 adders (D:2)
  2 white imps
  2 ufetubi
  2 worms (D:2)
  7 dart slugs
  9 orcs
  4 ball pythons
  10 endoplasms
  6 giant cockroaches
  13 goblins
  3 hobgoblins (D:2)
  6 jackals
  7 kobolds
  3 quokkas
  A bat (D:2)
  5 frilled lizards
  10 rats
108 creatures vanquished.

Notes
Turn   | Place    | Note
-------+----------+-------------------------------------------
     0 | D:1      | Dittersdorf the Gargoyle Fighter began the quest for the
                  | Orb.
     0 | D:1      | Reached XP level 1. HP: 14/14 MP: 1/1
   188 | D:1      | Reached XP level 2. HP: 18/19 MP: 2/2
   949 | D:2      | Reached XP level 3. HP: 18/23 MP: 3/3
  1360 | D:2      | Reached XP level 4. HP: 29/29 MP: 4/4
  2716 | D:3      | Reached XP level 5. HP: 33/33 MP: 5/5
  2968 | D:4      | Found a staircase to the Ecumenical Temple.
  2993 | Temple   | Entered the Ecumenical Temple
  3351 | Temple   | Became a worshipper of Warmaster Okawaru
  3407 | D:4      | Reached XP level 6. HP: 39/39 MP: 6/6
  3731 | D:4      | Reached * piety under Okawaru
  3732 | D:4      | Reached skill level 5 in Fighting
  3732 | D:4      | Reached skill level 5 in Armour
  3732 | D:4      | Reached skill level 5 in Shields
  3902 | D:4      | Reached XP level 7. HP: 37/44 MP: 7/7
  4114 | D:5      | Entered Level 5 of the Dungeon
  4127 | D:5      | Identified a scroll of acquirement
  4127 | D:5      | Acquired a manual of Maces & Flails
  4457 | D:5      | Reached skill level 5 in Maces & Flails
  4648 | D:5      | Reached XP level 8. HP: 51/51 MP: 8/8
  4829 | D:6      | Slain by an ogre

Illustrated notes

Levels and vault maps discovered:
D:1:      erik_arrival_orb_chamber, layout_basic
D:2:      layout_basic
D:3:      kennysheep_the_goblin_king, layout_loops_ring
D:4:      layout_gridville, temple_pool_b
D:5:      layout_basic, minmay_misc_feat_plants
D:6:      layout_cave_pods, serial_shops, shop, uniq_blork_the_orc, uniq_pikel,
          uniq_grinder, uniq_menkaure
Temple:   nicolae_temple_the_god_donut

Skill      XL: |  1  2  3  4  5  6  7  8 |
---------------+-------------------------+-----
Armour         | 4 5 6 |  6.0
Shields        | 4 5 6 |  6.0
Fighting       | 4 5 6 |  6.0
Maces & Flails | 3 4 5 |  5.5

Action                     |  1- 3 |  4- 6 |  7- 9 || total
---------------------------+-------+-------+-------++-------
  Melee: Flail             |   141 |   171 |   107 ||   419
    Use: Scroll            |       |    10 |     2 ||    12
 Armour: Scale mail        |    51 |       |       ||    51
         Chain mail        |    24 |   118 |    75 ||   217
  Dodge: Dodged            |    56 |    73 |    43 ||   172
  Block: Buckler           |    32 |    44 |    33 ||   109

Table legend: (Time is in decaauts)
 A = Elapsed time spent in this place.
 B = Non-inter-level travel time spent in this place.
 C = Inter-level travel time spent in this place.
 D = Time resting spent in this place.
 E = Time spent auto-exploring this place.
 F = Levels seen in this place.
 G = Mean time per level.
                   A        B        C        D        E       F      G
               +--------+--------+--------+--------+--------+-----+--------+
         Total |   4943 |   4514 |    429 |     32 |   3487 |   7 |  706.1 |
       Dungeon |   4567 |   4191 |    376 |     32 |   3182 |   6 |  761.2 |
        Temple |    375 |    322 |     53 |      0 |    305 |   1 |  375.0 |
               +--------+--------+--------+--------+--------+-----+--------+

Top non-repeatable levels by time:
     D:2: 1148 daAuts
     D:1: 969 daAuts
     D:4: 883 daAuts
     D:3: 830 daAuts
     D:5: 708 daAuts
  Temple: 375 daAuts
     D:6: 26 daAuts
